 Dungeon Crawl Stone Soup version 0.22.1-6-g1668fe2 (webtiles) character file.

5987 Tiagovsky the Blocker (level 10, -9/96 HPs)
             Began as a Minotaur Fighter on Jan 15, 2019.
             Was an Initiate of Ru.
             Mangled by Snorg (15 damage)
             ... on level 9 of the Dungeon on Jan 19, 2019.
             The game lasted 00:35:01 (9775 turns).

Tiagovsky the Blocker (Minotaur Fighter)            Turns: 9775, Time: 00:35:05

Health: -9/96      AC: 12    Str: 24    XL:     10   Next: 55%
Magic:  9/9        EV:  7    Int:  5    God:    Ru [......]
Gold:   574        SH: 13    Dex: 12    Spells: 9/9 levels left

rFire    . . .     SeeInvis .   a - +0 flail
rCold    + . .     Gourm    .   c - +0 shield
rNeg     . . .     Faith    .   i - +0 chain mail
rPois    .         Spirit   .   (helmet restricted)
rElec    .         Reflect  .   l - +1 cloak
rCorr    .         Harm     +   (no gloves)
MR       .....                  B - +0 pair of boots
Stlth    ..........             D - amulet of harm
HPRegen  0.26/turn              b - +4 ring of dexterity
MPRegen  0.11/turn              t - ring of protection from cold

@: no status effects
A: retaliatory headbutt, horns 2, clumsy 1
a: Renounce Religion


You were on level 9 of the Dungeon.
You worshipped Ru.
Ru was noncommittal.
You were not hungry.

You visited 2 branches of the dungeon, and saw 11 of its levels.

You collected 574 gold pieces.

Inventory:

Hand Weapons
 a - a +0 flail (weapon)
 s - a +3 glaive
Missiles
 e - 525 stones
 v - 4 tomahawks (quivered)
 H - 14 sling bullets
Armour
 c - a +0 shield (worn)
 i - a +0 chain mail (worn)
 l - a +1 cloak (worn)
 B - a +0 pair of boots (worn)
Jewellery
 b - a +4 ring of dexterity (left hand)
 t - a ring of protection from cold (right hand)
 D - an amulet of harm (around neck)
 E - an uncursed amulet of guardian spirit
 F - an uncursed ring of ice
Wands
 w - a wand of acid (10)
 I - a wand of flame (22)
Scrolls
 m - a scroll of enchant armour
 p - 5 scrolls of identify
 q - a scroll of fog {unknown}
 r - 3 scrolls of teleportation
 u - a scroll of fear
 C - 4 scrolls of remove curse
Potions
 d - a potion of might
 g - a potion of cancellation
 h - a potion of haste
 j - a potion of brilliance
 k - 3 potions of flight
 n - 3 potions of curing
 o - 2 potions of mutation
 x - 2 potions of heal wounds {unknown}
 z - 2 potions of ambrosia {unknown}
 A - 3 potions of magic
Miscellaneous
 y - a phantom mirror
Comestibles
 f - 23 rations
 G - 9 chunks of flesh


   Skills:
 + Level 11.4 Fighting
 + Level 11.1 Maces & Flails
 - Level 3.6 Armour
 + Level 11.4 Shields


You had 9 spell levels left.
You didn't know any spells.
Your spell library was empty.

Dungeon Overview and Level Annotations

Branches:
Dungeon (10/15)            Temple (1/1) D:5             Orc (0/2) D:10
   Lair: D:8-11

Altars:
Ashenzari
Cheibriados
Dithmenos
Elyvilon
Fedhas
Gozag
Hepliaklqana
Kikubaaqudgha
Makhleb
Nemelex Xobeh
Okawaru
Qazlal
Ru
Sif Muna
Trog
Uskayaw
Vehumet
Wu Jian
Xom
Yredelemnul
Zin
The Shining One

Shops:
D:4 %   D:6 }   D:7 [   D:8 *

Annotations:
D:9 Snorg


Innate Abilities, Weirdness & Mutations

You reflexively headbutt those who attack you in melee.
You have a pair of horns on your head.
You are clumsy. (Dex -2)


Message History

You block Snorg's attack. x2; Snorg claws you.
You bludgeon Snorg!! You headbutt Snorg.
Snorg is severely wounded.
Snorg bites you. Snorg claws you but does no damage. x2
You thump Snorg!
Snorg is almost dead.
Snorg goes berserk!
You thump Snorg!
Snorg is almost dead.
Snorg bites you but does no damage. You block Snorg's attack. Snorg claws you.
You thump Snorg! Your headbutt misses Snorg.
Snorg is almost dead.
You block Snorg's attack. x2; Snorg claws you!
Your chain mail prevents you from hitting Snorg.
Snorg is almost dead.
You block Snorg's attack. Snorg barely misses you. Snorg claws you.
Snorg bites you!!
* * * LOW HITPOINT WARNING * * *
Snorg barely misses you. Snorg claws you!
You die...

...###....##.<.....##.##
.#..#..#...........#...#
###...###...........#.##
.#..#..#..#............#
...###...##.........#.##
..## #.##..........####
.## #.............# .#
####.##.......# .#
######.....@..#
.#####.##......T[..#
..........#.#......#
######.............#
#####..#.#......#
#.......).......#
#.#######.......#
#.#######......##
#..............####


You could see Snorg (berserk).

Vanquished Creatures
  A troll (D:9)
  A hippogriff (D:7)
  A spriggan (D:7)
  6 yaks (D:9)
  Sigmund (D:6)
  Eustachio (D:6)
  10 humans (D:9)
  Menkaure (D:6)
  2 orc warriors
  A phantom (D:5)
  5 ogres
  A sky beast (D:4)
  An ice beast (D:5)
  2 centaurs
  Blork the orc (D:4)
  A bullfrog (D:10)
  A water moccasin skeleton (D:8)
  3 scorpions
  2 bullfrog zombies
  4 crimson imps
  A centaur zombie (D:6)
  2 quasits
  6 orc priests
  2 centaur skeletons
  8 hounds
  7 orc wizards
  2 iguanas (D:9)
  Natasha (thrice) (D:3)
  A worker ant (D:6)
  2 hound skeletons
  6 adders
  10 gnolls
  2 shadow imps
  4 oozes
  2 adder skeletons
  5 worms
  2 dart slugs
  5 leopard geckos
  30 orcs
  5 giant cockroaches
  3 hobgoblins
  4 jackals
  15 kobolds
  4 quokkas
  10 bats
  5 frilled lizards
  2 gnoll zombies (D:6)
  7 goblins
  A jackal skeleton (D:8)
  A leopard gecko skeleton (D:7)
  A quokka skeleton (D:5)
  6 rats
210 creatures vanquished.

Vanquished Creatures (others)
  2 orc wizards (D:7)
2 creatures vanquished.

Grand Total: 212 creatures vanquished

Notes
Turn   | Place    | Note
-------+----------+-------------------------------------------
     0 | D:1      | Tiagovsky the Minotaur Fighter began the quest for the Orb.
     0 | D:1      | Reached XP level 1. HP: 19/19 MP: 0/0
     0 | D:1      | Upgraded the game from 0.22.1-5-g62c59d9 to
                  | 0.22.1-6-g1668fe2
    75 | D:1      | Reached XP level 2. HP: 27/27 MP: 1/1
   239 | D:1      | Found a shimmering altar of Xom.
   688 | D:1      | Reached XP level 3. HP: 31/33 MP: 2/2
  1266 | D:2      | Found a faded altar of an unknown god.
  1868 | D:3      | Reached XP level 4. HP: 14/41 MP: 3/3
  2159 | D:3      | Reached skill level 5 in Fighting
  2159 | D:3      | Reached skill level 5 in Shields
  2159 | D:3      | Reached XP level 5. HP: 35/48 MP: 4/4
  2412 | D:3      | Found a bloodstained altar of Trog.
  2560 | D:3      | Reached XP level 6. HP: 52/56 MP: 5/5
  2736 | D:3      | Noticed Natasha
  2752 | D:3      | Killed Natasha
  2752 | D:3      | Noticed Natasha
  2762 | D:3      | Killed Natasha
  2762 | D:3      | Reached skill level 5 in Maces & Flails
  2838 | D:3      | Noticed Natasha
  2846 | D:3      | Killed Natasha
  2987 | D:3      | Found a snail-covered altar of Cheibriados.
  3071 | D:3      | Found a glowing golden altar of the Shining One.
  3180 | D:4      | Found a radiant altar of Vehumet.
  3386 | D:4      | Noticed Blork the orc
  3401 | D:4      | Killed Blork the orc
  3401 | D:4      | Reached XP level 7. HP: 37/63 MP: 6/6
  3814 | D:4      | Found Lopuwolo's Food Boutique.
  4044 | D:5      | Entered Level 5 of the Dungeon
  4188 | D:5      | Found a stormy altar of Qazlal.
  4314 | D:5      | Reached XP level 8. HP: 53/73 MP: 7/7
  4760 | D:5      | Found a staircase to the Ecumenical Temple.
  4995 | D:6      | Found a shadowy altar of Dithmenos.
  5020 | D:6      | Noticed Sigmund
  5037 | D:6      | Killed Sigmund
  5270 | D:6      | Found a basalt altar of Yredelemnul.
  5663 | Temple   | Entered the Ecumenical Temple
  5868 | Temple   | Became a worshipper of Ru the Awakened
  5945 | D:6      | Found Feiwu's Gadget Boutique.
  6090 | D:6      | Noticed Eustachio
  6092 | D:6      | Noticed Menkaure
  6097 | D:6      | Killed Eustachio
  6101 | D:6      | Killed Menkaure
  6421 | D:6      | Found a glowing silver altar of Zin.
  6531 | D:6      | Found a shadowy altar of Dithmenos.
  6609 | D:7      | Found Kiasti's Antique Armour Boutique.
  6642 | D:7      | Noticed a hippogriff
  6653 | D:7      | Killed a hippogriff
  6653 | D:7      | Reached XP level 9. HP: 59/83 MP: 8/8
  6907 | D:7      | Found a deep blue altar of Sif Muna.
  7192 | D:7      | Found a burning altar of Makhleb.
  7728 | D:8      | Found Vudisir's Assorted Antiques.
  7826 | D:8      | Reached skill level 10 in Fighting
  7826 | D:8      | Reached skill level 10 in Shields
  8205 | D:8      | Gained mutation: You are clumsy. (Dex -2) [Ru sacrifice]
  8229 | D:8      | Found an ornate altar of the Wu Jian Council.
  8695 | D:9      | Found an ornate altar of the Wu Jian Council.
  8721 | D:9      | Found a large runed door.
  8728 | D:9      | Found a large runed door.
  8991 | D:9      | Found a runed door.
  9132 | D:9      | Reached skill level 10 in Maces & Flails
  9140 | D:9      | Reached XP level 10. HP: 77/94 MP: 9/9
  9451 | D:9      | Found a runed door.
  9526 | D:10     | Entered Level 10 of the Dungeon
  9545 | D:10     | Found a staircase to the Orcish Mines.
  9568 | D:10     | Found a sparkling altar of Nemelex Xobeh.
  9741 | D:10     | Noticed Snorg
  9775 | D:9      | Mangled by Snorg

Skill      XL: |  1  2  3  4  5  6  7  8  9 10 |
---------------+-------------------------------+-----
Shields        | 4 5 6 7 9 10 11 | 11.4
Fighting       | 4 5 6 7 9 10 11 | 11.4
Maces & Flails | 3 4 5 6 8 10 11 | 11.1
Armour         | |  3.6

Action                   |  1- 3 |  4- 6 |  7- 9 | 10-12 || total
-------------------------+-------+-------+-------+-------++-------
Melee: Flail             |   128 |   135 |   311 |   113 ||   687
       Headbutt          |    23 |    24 |    78 |    27 ||   152
Throw: Stone             |    13 |     4 |       |       ||    17
       Tomahawk          |       |       |     4 |       ||     4
Invok: Sacrifice Purity  |       |       |     1 |       ||     1
  Use: Scroll            |       |     6 |    14 |       ||    20
  Eat: Chunk             |     3 |     2 |    15 |     2 ||    22
       Ration            |       |     1 |     1 |       ||     2
Armor: Scale mail        |    29 |       |       |       ||    29
       Chain mail        |    62 |    62 |   119 |    42 ||   285
Dodge: Dodged            |    22 |    31 |    64 |    28 ||   145
Block: Shield            |    74 |    80 |    65 |    54 ||   273
       Buckler           |       |       |    45 |       ||    45
